 Dungeon Crawl Stone Soup version 0.32-a0-953-g508020473e (webtiles) character file.

Game seed: 1837266953266413083

46 holysushi the Shooter (level 3, -2/27 HPs)
             Began as a Coglin Hunter on Apr 17, 2024.
             Slain by a gnoll
             ... wielding a +0 flail
              (4 damage)
             ... on level 2 of the Dungeon.
             The game lasted 00:00:25 (683 turns).

holysushi the Shooter (Coglin Hunter)                Turns: 683, Time: 00:00:26

Health: -2/27      AC:  4    Str: 11    XL:     3   Next: 66%
Magic:  3/3        EV: 11    Int:  8    God:
Gold:   52         SH:  0    Dex: 19    Spells: 2/2 levels left

rFire   . . .        a - +2 sling {Leofdaeg}
rCold   . . .        d - +0 sling {Akihito}
rNeg    . . .        c - +0 leather armour
rPois   .            (no helmet)
rElec   .            j - +0 cloak
rCorr   .            (no gloves)
SInv    .            (no boots)
Will    .....        (amulet unavailable)
Stlth   ++           (ring unavailable)
HPRegen 0.24/turn    (ring unavailable)
MPRegen 0.08/turn    (no gizmo)

%: no passive effects
@: revved
A: off-hand wielding, slow wielding, warmup strikes, no jewellery
a: Invent Gizmo


You were on level 2 of the Dungeon.
You visited 1 branch of the dungeon, and saw 2 of its levels.

You collected 52 gold pieces.

Inventory:

Hand Weapons
 a - a +2 sling (weapon) {Leofdaeg}
 d - a +0 sling (offhand) {Akihito}
Armour
 c - a +0 leather armour (worn)
 j - a +0 cloak (worn)
Scrolls
 b - a scroll of butterflies
 f - 2 scrolls of amnesia {unknown}
 g - 3 scrolls of identify {unknown}
 h - 2 scrolls of blinking {unknown}
 i - a scroll of fog {unknown}
 k - a scroll of poison {unknown}
Potions
 e - 3 potions of brilliance {unknown}
 l - a potion of heal wounds {unknown}


   Skills:
 - Level 2.0 Fighting
 + Level 4.8 Ranged Weapons
 - Level 1.7 Dodging
 - Level 0.7 Stealth


You had 2 spell levels left.
You didn't know any spells.
Your spell library was empty.

Dungeon Overview and Level Annotations

Branches:
Dungeon (2/15) Zot: 11301

Altars:


Innate Abilities, Weirdness & Mutations

You can wield a second weapon in your off-hand.
It takes a long time for you to wield or remove held weapons.
Your first few attacks do less damage.
You cannot equip rings or amulets.


Message History

The gnoll is heavily wounded.
You shoot a sling bullet. The sling bullet hits the gnoll.
The gnoll is almost dead.
The gnoll hits you with a +0 flail!
There are monsters nearby!
You shoot a sling bullet.
The sling bullet hits the gnoll but does no damage.
The gnoll is almost dead.
You shoot a sling bullet.
The sling bullet hits the gnoll but does no damage.
The gnoll is almost dead.
There are monsters nearby!
There are monsters nearby!
You shoot a sling bullet.
The sling bullet barely misses the gnoll.
You shoot a sling bullet.
The sling bullet barely misses the gnoll.
The gnoll closely misses you. The gnoll hits you with a +0 whip.
The gnoll hits you but does no damage.
You are too injured to fight recklessly!
You are too injured to fight recklessly!
There are monsters nearby!
There are monsters nearby!
You are too injured to fight recklessly!
You shoot a sling bullet.
The sling bullet barely misses the gnoll.
You shoot a sling bullet. The sling bullet hits the gnoll.
The gnoll is lightly wounded.
The gnoll hits you with a +0 flail.
* * * LOW HITPOINT WARNING * * *
The gnoll completely misses you.
You are too injured to fight recklessly!
You shoot a sling bullet.
The sling bullet barely misses the gnoll.
You shoot a sling bullet. The sling bullet hits the gnoll.
The gnoll is moderately wounded.
The gnoll hits you with a +0 whip.
* * * LOW HITPOINT WARNING * * *
The gnoll hits you with a +0 flail.
You die...

#.# #.# ... #.# ...
#.# #)# #.# #.# #.#
#.# #.# #.#
#.##########g#######
#...........@g..$..#
############.#####.#
#.# #.. ####


You could see 2 gnolls.

Vanquished Creatures
  A gnoll (D:2)
  2 dart slugs (D:1)
  5 bats
  2 endoplasms
  A giant cockroach (D:1)
  3 goblins
  A hobgoblin (D:1)
  4 jackals (D:2)
  2 kobolds (D:1)
  A quokka (D:1)
  3 ball pythons (D:1)
  2 frilled lizards (D:1)
  A rat (D:2)
28 creatures vanquished.

Notes
Turn   | Place    | Note
-------+----------+-------------------------------------------
     0 | D:1      | holysushi the Coglin Hunter began the quest for the Orb.
     0 | D:1      | Reached XP level 1. HP: 16/16 MP: 1/1
   131 | D:1      | Reached skill level 4 in Ranged Weapons
   131 | D:1      | Reached XP level 2. HP: 22/22 MP: 2/2
   341 | D:1      | Reached XP level 3. HP: 27/27 MP: 3/3
   683 | D:2      | Slain by a gnoll

Illustrated notes

Levels and vault maps discovered:
D:1:      dpeg_arrival_renting, layout_rooms
D:2:      layout_loops_ring, minmay_liquid_box, uniq_sigmund

Skill      XL: |  1 |
---------------+----+-----
Ranged Weapons | 4 |  4.8
Fighting       | |  2.0
Dodging        | |  1.7
Stealth        | |  0.7

Action                     || total
---------------------------++-------
   Fire: Sling             ||   128
 Armour: Leather armour    ||     9
  Dodge: Dodged            ||    13

Table legend: (Time is in decaauts)
 A = Elapsed time spent in this place.
 B = Non-inter-level travel time spent in this place.
 C = Inter-level travel time spent in this place.
 D = Time resting spent in this place.
 E = Time spent auto-exploring this place.
 F = Levels seen in this place.
 G = Mean time per level.
                   A        B        C        D        E       F      G
               +--------+--------+--------+--------+--------+-----+--------+
         Total |    697 |    678 |     19 |      0 |    550 |   2 |  348.5 |
       Dungeon |    697 |    678 |     19 |      0 |    550 |   2 |  348.5 |
               +--------+--------+--------+--------+--------+-----+--------+

Top non-repeatable levels by time:
     D:1: 532 daAuts
     D:2: 164 daAuts
